 Dungeon Crawl Stone Soup version 0.23.2-1-ga50397a (webtiles) character file.

Game seed: 17001240978224796737

39 xveg the Chiller (level 3, 0/16 HPs)
             Began as a Vine Stalker Ice Elementalist on May 7, 2019.
             Slain by Terence
             ... wielding a +0 hand axe
              (9 damage)
             ... on level 2 of the Dungeon.
             The game lasted 00:02:28 (988 turns).

xveg the Chiller (Vine Stalker Ice Elementalist)     Turns: 988, Time: 00:02:29

Health: 0/16       AC:  2    Str: 10    XL:     3   Next: 45%
Magic:  0/7        EV: 12    Int: 16    God:
Gold:   51         SH:  0    Dex: 14    Spells: 6/7 levels left

rFire    . . .     SeeInvis +   e - +0 mace
rCold    . . .     Gourm    .   (no shield)
rNeg     . . .     Faith    .   a - +0 robe
rPois    .         Spirit   +   (no helmet)
rElec    .         Reflect  .   (no cloak)
rCorr    .         Harm     .   (no gloves)
MR       .....                  (no boots)
Stlth    ++........             d - amulet of the acrobat
HPRegen  0.05/turn              b - ring of see invisible
MPRegen  0.10/turn              (no ring)

@: lethally poisoned (0 -> -4)
A: fangs 2, magic shield, antimagic bite, no potion heal 3, rot immunity
a: no special abilities


You were on level 2 of the Dungeon.
You were hungry.

You visited 1 branch of the dungeon, and saw 2 of its levels.

You collected 51 gold pieces.

Inventory:

Hand Weapons
 e - a +0 mace (weapon)
Armour
 a - a +0 robe (worn)
Jewellery
 b - a ring of see invisible (left hand)
 d - an amulet of the acrobat (around neck)
Scrolls
 f - 2 scrolls of identify {unknown}
Potions
 h - a potion of cancellation {unknown}
Comestibles
 c - a ration
 g - a chunk of flesh


   Skills:
 + Level 0.1 Fighting
 + Level 0.4 Maces & Flails
 + Level 1.7 Dodging
 + Level 2.9 Stealth
 + Level 2.5 Spellcasting
   Level 1.0 Conjurations
 + Level 3.7 Ice Magic


You had 6 spell levels left.
You knew the following spells:

 Your Spells              Type           Power        Failure   Level  Hunger
a - Freeze                Ice            ##..         4%          1    #......

Your spell library contained the following spells:

 Spells                   Type           Power        Failure   Level  Hunger
 Throw Frost              Conj/Ice       #.....       11%         2    ##.....
 Ozocubu's Armour         Chrm/Ice       #.......     26%         3    ###....
 Throw Icicle             Conj/Ice       #.......     58%         4    #####..
 Summon Ice Beast         Ice/Summ       #.......     65%         4    #####..


Dungeon Overview and Level Annotations

Branches:
Dungeon (2/15)

Altars:

Annotations:
D:2 Terence


Innate Abilities, Weirdness & Mutations

You have extremely sharp teeth.
When hurt, damage is shared between your health and your magic reserves.
Your bite disrupts and absorbs the magic of your enemies.
Potions cannot restore your health.
You are immune to rotting.


Message History

Confirm with . or Enter, or press ? or * to list all spells.
Aiming: Freeze (safe; 4% risk of failure)
Press: ? - help, Shift-Dir - straight line, f/p - Terence
Aim: Terence, wielding a +0 hand axe and wearing a +2 scale mail of fire resistance (moderately wounded)
You freeze Terence!
Terence is severely wounded.
Terence barely misses you.
Casting: Freeze (safe; 4% risk of failure)
Confirm with . or Enter, or press ? or * to list all spells.
You don't have enough magic to cast that spell.
Unknown command.
You closely miss Terence.
Terence is severely wounded.
Terence barely misses you.
You hit Terence but do no damage.
Terence is severely wounded.
You are feeling hungry.
You feel sick. Terence hits you with a +0 hand axe!
Ouch! That really hurt!
You die...

######
......########.
..............@
#...........
#.††@# #.#@##
#....# #....#
##...#
#######.##
#.......###.###.
#.#####.........
#.#####>###.####
#...<...#


You could see Terence.

Vanquished Creatures
  An adder (D:2)
  2 leopard geckos (D:1)
  3 bats (D:1)
  4 goblins (D:1)
  3 hobgoblins (D:1)
  2 jackals (D:1)
  3 kobolds
  A quokka (D:2)
  A frilled lizard (D:1)
  5 rats (D:1)
25 creatures vanquished.

Notes
Turn   | Place    | Note
-------+----------+-------------------------------------------
     0 | D:1      | xveg the Vine Stalker Ice Elementalist began the quest for
                  | the Orb.
     0 | D:1      | Reached XP level 1. HP: 9/9 MP: 4/4
   118 | D:1      | Reached XP level 2. HP: 3/13 MP: 0/6
   750 | D:1      | Reached XP level 3. HP: 16/16 MP: 7/7
   977 | D:2      | Noticed Terence
   988 | D:2      | Slain by Terence

Action                   || total
-------------------------++-------
Melee: Mace              ||    46
       Bite              ||    10
 Cast: Freeze            ||    18
 Stab: Sleeping          ||     2
Armor: Robe              ||    17
Dodge: Dodged            ||    63
